Map: Nightshade LE

Players

Cuddlebear

  • Race: Terran Terran
  • Spawn Location: 11:00

BluE - Winner!

  • Race: Protoss Protoss
  • Spawn Location: 5:00

Event: IEM Katowice 2020

VOD

Have the link to the VOD?

Description

Time

  • Played on: Feb. 25, 2020, 9:11 a.m.
  • Length: 10:42

All games in this series

Show
View Real Time Build Order
Export as new Build Order

Cuddlebear Terran 

Build Orders: Reaper Expand 

Get SALT Encoding   

  12  0:00  SCV  
  13  0:12  SCV  
  14  0:17  Supply Depot  
  14  0:24  SCV  
  15  0:38  SCV  
  15  0:40  Barracks  
  16  0:44  Refinery  
  16  0:50  SCV  
  17  1:02  SCV  
  18  1:14  SCV  
  19  1:27  Orbital Command  
  19  1:28  Reaper  
  20  1:45  Command Center  
  20  1:53  SCV  
  21  1:56  Supply Depot  
  21  1:59  Marine  
  22  2:06  SCV  
  23  2:12  Factory  
  23  2:18  SCV  
  23  2:20  Barracks Reactor  
  24  2:30  SCV  
  24  2:31  Refinery  
  24  2:34  Bunker  
  24  2:42  SCV  
  25  2:55  SCV  
  25  2:57  Marine x2  
  25  2:58  Starport  
  28  3:03  Orbital Command  
  28  3:08  Factory Tech Lab  
  28  3:11  SCV  
  29  3:16  Marine x2, Factory Tech Lab  
  31  3:26  SCV  
  31  3:34  Marine x2  
  31  3:35  Siege Tank  
  31  3:36  Starport Tech Lab  
  31  3:37  Supply Depot  
  35  3:41  SCV  
  35  3:42  SCV  
  37  3:53  SCV  
  37  3:54  SCV  
  37  3:55  Marine x2  
  39  3:59  Banshee  
  44  4:05  SCV  
  44  4:06  SCV  
  46  4:11  Supply Depot  
  46  4:16  Siege Tank  
  49  4:18  SCV x2, Marine  
  49  4:20  Marine  
  53  4:30  SCV  
  54  4:32  SCV  
  54  4:34  Supply Depot  
  55  4:40  Marine  
  55  4:42  SCV, Banshee  
  55  4:45  Marine  
  60  4:48  SCV  
  60  4:49  Supply Depot  
  62  4:53  Siege Tank  
  62  4:56  SCV  
  66  5:04  SCV  
  66  5:12  SCV  
  69  5:15  Command Center  
  69  5:17  Marine  
  68  5:25  Marine  
  68  5:26  Banshee  
  68  5:28  SCV  
  72  5:34  SCV  
  73  5:40  Marine  
  73  5:41  Siege Tank  
  77  5:45  Bunker  
  77  5:47  Supply Depot  
  77  5:56  Marine, SCV  
  66  5:57  SCV  
  66  6:01  Marine  
  59  6:08  SCV  
  59  6:09  SCV, Barracks x2  
  61  6:13  Raven  
  63  6:20  SCV  
  63  6:21  SCV  
  63  6:23  Refinery  
  63  6:24  Refinery  
  65  6:26  Marine x2  
  65  6:27  Orbital Command  
  67  6:33  Supply Depot  
  67  6:41  Engineering Bay  
  67  6:43  SCV, Engineering Bay  
  67  6:44  SCV  
  69  6:52  Marine x2  
  69  6:53  SCV  
  72  6:55  SCV  
  72  7:00  Factory Tech Lab  
  73  7:01  SCV  
  72  7:09  SCV, Marine x2  
  72  7:11  SCV  
  72  7:13  SCV  
  72  7:14  Terran Infantry Weapons Level 1  
  72  7:15  Terran Infantry Armor Level 1  
  73  7:19  Starport Reactor  
  73  7:22  Stimpack  
  73  7:23  Combat Shield  
  73  7:27  SCV x2  
  75  7:32  Siege Tank  
  75  7:34  Marauder  
  80  7:39  SCV x2  
  80  7:43  Marine  
  80  7:44  Marauder  
  85  7:51  SCV  
  85  7:56  Marine  
  85  7:57  Marauder  
  89  8:00  SCV  
  89  8:02  Marine  
  89  8:04  Siege Tank  
  89  8:05  Marauder, Orbital Command  
  96  8:08  SCV  
  94  8:13  SCV  
  94  8:14  Marine  
  94  8:18  Marauder  
  93  8:20  Marine, SCV  
  93  8:25  SCV  
  93  8:26  Marauder  
  95  8:30  SCV  
  95  8:32  Marine, SCV  
  95  8:34  Medivac  
  95  8:35  Medivac  
  95  8:37  SCV  
  95  8:40  Marauder  
  105  8:41  Siege Tank  
  105  8:43  SCV  
  105  8:44  SCV  
  105  8:48  Concussive Shells  
  107  8:52  SCV  
  107  8:55  Supply Depot  
  108  8:56  SCV, Supply Depot, Refinery  
  108  8:58  Refinery  
  108  9:01  Armory  
  108  9:02  Marine  
  108  9:03  Marauder  
  108  9:04  SCV x2, Medivac  
  108  9:07  Medivac  
  117  9:13  Barracks  
  117  9:15  Barracks  
  117  9:17  SCV x3  
  120  9:20  Supply Depot  
  120  9:21  Supply Depot  
  120  9:29  SCV x3  
  122  9:32  Marine  
  122  9:33  Marauder  
  122  9:37  Marine, Marauder  
  106  9:45  Medivac x2, Siege Tank  
  103  9:50  Marine  
  83  9:53  Orbital Command  
  83  9:54  Marauder  
  83  9:55  Marine  
  83  9:59  Marauder  
  75  10:00  Marine  
  75  10:01  SCV x2  
  75  10:03  Marine  
  74  10:08  Marine  
  74  10:12  Marine  
  74  10:13  SCV  
  74  10:14  SCV  
  78  10:15  Marine  
  78  10:17  Marine  
  78  10:20  Marauder  
  78  10:21  Marine  
Show
View Real Time Build Order
Export as new Build Order

BluE Protoss - Winner!

Build Orders: 1 Gate Expand, Colossus Rush 

Get SALT Encoding   

  12  0:00  Probe  
  13  0:12  Probe  
  14  0:16  Pylon  
  14  0:24  Probe (Chrono Boost)  
  16  0:36  Probe (Chrono Boost)  
  16  0:38  Gateway  
  16  0:43  Probe (Chrono Boost)  
  16  0:46  Assimilator  
  17  0:51  Probe  
  18  1:03  Probe  
  19  1:15  Probe  
  20  1:25  Cybernetics Core  
  20  1:34  Nexus  
  20  1:43  Pylon  
  20  1:44  Probe  
  21  1:48  Assimilator  
  21  1:56  Probe (Chrono Boost)  
  21  1:59  Adept (Chrono Boost)  
  22  2:02  Warp Gate  
  22  2:08  Probe (Chrono Boost)  
  25  2:17  Probe (Chrono Boost)  
  25  2:22  Probe  
  26  2:26  Robotics Facility  
  26  2:31  Adept  
  26  2:34  Probe  
  29  2:46  Probe (Chrono Boost)  
  31  2:52  Probe (Chrono Boost)  
  31  2:55  Probe (Chrono Boost)  
  32  2:59  Probe (Chrono Boost)  
  32  3:00  Probe (Chrono Boost)  
  32  3:01  Stalker  
  36  3:12  Probe (Chrono Boost)  
  38  3:13  Observer  
  38  3:16  Probe (Chrono Boost)  
  39  3:21  Probe (Chrono Boost)  
  39  3:25  Probe (Chrono Boost)  
  39  3:27  Probe (Chrono Boost)  
  42  3:35  Probe, Observer  
  42  3:39  Probe  
  45  3:41  Assimilator  
  45  3:43  Gateway  
  45  3:44  Assimilator  
  45  3:46  Gateway  
  45  3:47  Probe  
  46  3:49  Pylon, Robotics Bay  
  46  3:54  Pylon  
  46  4:02  Observer  
  46  4:06  Shield Battery  
  46  4:07  Probe x2  
  46  4:08  Observer (Chrono Boost)  
  46  4:09  Stalker  
  51  4:14  Pylon  
  51  4:20  Probe  
  51  4:22  Probe  
  56  4:34  Colossus (Chrono Boost)  
  56  4:37  Probe  
  59  4:39  Probe, Pylon  
  60  4:49  Probe  
  60  4:52  Pylon  
  62  4:54  Stalker x3  
  62  4:59  Shield Battery x2  
  67  5:02  Probe  
  67  5:03  Probe  
  69  5:15  Observer (Chrono Boost)  
  69  5:17  Adept, Stalker x2  
  76  5:25  Pylon  
  76  5:29  Observer (Chrono Boost)  
  77  5:38  Adept  
  77  5:41  Adept x2  
  83  5:50  Probe  
  83  5:55  Probe, Observer  
  86  6:02  Probe  
  86  6:03  Warp Prism (Chrono Boost)  
  85  6:04  Twilight Council  
  85  6:07  Probe, Forge  
  82  6:12  Nexus  
  82  6:14  Probe  
  82  6:16  Gravitic Drive (Chrono Boost)  
  82  6:17  Stalker x2  
  87  6:19  Probe  
  87  6:20  Sentry  
  89  6:25  Observer  
  89  6:26  Probe  
  89  6:31  Probe  
  91  6:34  Gateway  
  91  6:35  Gateway  
  91  6:45  Pylon  
  91  6:48  Stalker  
  91  6:53  Probe  
  94  6:55  Protoss Ground Weapons Level 1 (Chrono Boost)  
  94  6:56  Charge  
  94  7:03  Probe, Immortal  
  94  7:05  Probe, Pylon  
  97  7:15  Probe, Stalker x2  
  102  7:20  Pylon  
  99  7:23  Probe  
  99  7:27  Probe x2 (Chrono Boost)  
  101  7:35  Probe (Chrono Boost)  
  102  7:39  Probe x2 (Chrono Boost)  
  105  7:46  Probe (Chrono Boost), Gateway  
  105  7:47  Probe (Chrono Boost), Zealot  
  105  7:48  Probe (Chrono Boost)  
  105  7:49  Gateway  
  105  7:51  Probe (Chrono Boost), Gateway  
  109  7:53  Probe x2  
  110  8:01  Probe  
  110  8:02  Stalker  
  110  8:05  Probe  
  112  8:08  Templar Archives  
  112  8:12  Probe, Gateway  
  113  8:14  Probe, Gateway  
  113  8:17  Probe  
  113  8:19  Assimilator  
  115  8:20  Pylon  
  115  8:22  Assimilator  
  115  8:24  Probe  
  114  8:30  Immortal (Chrono Boost)  
  114  8:32  Pylon  
  118  8:36  Pylon  
  118  8:44  Pylon  
  118  8:46  Nexus  
  118  8:51  Forge  
  117  9:10  High Templar  
  117  9:11  High Templar x7  
  117  9:13  Zealot x2  
  117  9:15  Archon x4  
  133  9:18  Zealot x2  
  133  9:19  Pylon  
  133  9:22  Pylon  
  115  9:50  Zealot x6  
  115  9:51  Zealot x4  
  125  9:58  Probe x2  
  113  10:13  Zealot x6  
  113  10:14  Zealot x4  
  123  10:20  Probe  
  114  10:36  Zealot x4  
  114  10:37  Zealot x2  
  114  10:38  Zealot  

Tags
 
Add a new tag
Caveats
  • Supply blocks, unpowered buildings, or Contaminate may cause inaccurate times.
  • Supply counts are checked every 10 seconds.